 Dungeon Crawl Stone Soup version 0.31-a0-925-g0a390f2509 (webtiles) character file.

Game seed: 4294506350578889508

10 aloevera1 the Chiller (level 2, -2/2 HPs)
             Began as a Demigod Ice Elementalist on Oct 18, 2023.
             Slain by an adder (4 damage)
             ... on level 2 of the Dungeon.
             The game lasted 00:06:52 (379 turns).

aloevera1 the Chiller (Demigod Ice Elementalist)     Turns: 379, Time: 00:06:53

Health: -2/2       AC:  0    Str:  9    XL:     2   Next: 0%
Magic:  7/7        EV: 12    Int: 17    God:
Gold:   37         SH:  0    Dex: 14    Spells: 3/4 levels left

rFire   . . .        c - +0 mace
rCold   . . .        (no shield)
rNeg    . . .        a - melded +0 robe
rPois   .            (no helmet)
rElec   .            (no cloak)
rCorr   .            (no gloves)
SInv    .            (no boots)
Will    .....        (no amulet)
Stlth   ++           (no ring)
HPRegen 0.20/turn    (no ring)
MPRegen 0.10/turn

%: no passive effects
@: maw-form
A: devouring maw, reduced hp, high MP 1, forlorn, divine attributes
a: Begin Untransformation


You were on level 2 of the Dungeon.
You were a creature with a mouth for a stomach.
You visited 1 branch of the dungeon, and saw 2 of its levels.

You collected 37 gold pieces.

Inventory:

Hand Weapons
 c - a +0 mace (weapon)
Armour
 a - a +0 robe (melded)
Talismans
 h - a maw talisman (active)
Scrolls
 e - a scroll of revelation {unknown}
 f - a scroll of torment {unknown}
Potions
 b - 2 potions of magic
 d - a potion of haste {unknown}
 g - a potion of berserk rage {unknown}


   Skills:
 + Level 1.8 Dodging
 + Level 1.7 Stealth
 + Level 0.1 Unarmed Combat
 + Level 1.9 Spellcasting
 + Level 3.9 Ice Magic


You had 3 spell levels left.
You knew the following spells:

 Your Spells              Type           Power      Damage    Failure   Level
a - Freeze                Ice            60%        1d7       3%          1

Your spell library contained the following spells:

 Spells                   Type           Power      Damage    Failure   Level
 Frozen Ramparts          Ice            30%        1d5       12%         3
 Ozocubu's Armour         Ice            15%        N/A       12%         3
 Call Canine Familiar     Summ           1%         N/A       52%         3
 Sigil of Binding         Hex            1%         N/A       52%         3
 Summon Ice Beast         Ice/Summ       8%         N/A       65%         4
 Dimensional Bullseye     Hex/Tloc       0%         N/A       89%         4
 Leda's Liquefaction      Hex/Erth       0%         N/A       89%         4


Dungeon Overview and Level Annotations

Branches:
Dungeon (2/15)


Innate Abilities, Weirdness & Mutations

You are a creature with a mouth for a stomach.
Your midsection houses a second, enormous mouth.
Your maximum health is decreased, since you lack skill for your form.
You have an increased reservoir of magic. (+10% MP)
You shall have no god before yourself.
Your divine heritage dramatically boosts your attributes as you level up.


Message History

You barely miss the frilled lizard.
The frilled lizard is heavily wounded.
The frilled lizard bites you but does no damage.
The frilled lizard bites you.
You hit the frilled lizard.
You kill the frilled lizard!
You have reached level 2!
Found a faded altar of an unknown god.
Found a blue potion.
You open the door.
Found a stone staircase leading down.
Found 2 stones.
g - a blue potion
There are no items here.
There is an open door here.
There is a stone staircase leading down here.
You climb downwards.
Found 7 gold pieces.
There is a stone staircase leading up here.
Found a maw talisman.
You now have 37 gold pieces (gained 7).
There are no items here.
You see here a maw talisman.
h - a maw talisman You begin transforming.
You continue transforming.
Magic restored.
You continue transforming. x2
You turn into a creature with a mouth for a stomach.
Your +0 robe melds into your body.
HP restored.
You enter a teleport trap!
The teleport trap disappears.
Your surroundings suddenly seem different.
An adder comes into view.
The adder hisses angrily.
The adder closely misses you. The adder barely misses you. x2
You hit the adder.
The adder is severely wounded.
The adder bites you.
Ouch! That really hurt!
You die...

######.# .#
#......##.###
#............
####............ #
......~~~~......
#..##..⌠~~~~......
#......S~~~~......
#..W......#
#.........#
###.......#
...........#
####.......#
#########


You could see an adder.

Vanquished Creatures
  2 bats (D:1)
  2 endoplasms (D:1)
  A goblin (D:1)
  A frilled lizard (D:1)
  4 rats (D:1)
10 creatures vanquished.

Notes
Turn   | Place    | Note
-------+----------+-------------------------------------------
     0 | D:1      | aloevera1 the Demigod Ice Elementalist began the quest for
                  | the Orb.
     0 | D:1      | Reached XP level 1. HP: 14/14 MP: 5/5
   323 | D:1      | Reached XP level 2. HP: 18/20 MP: 2/7
   379 | D:2      | Slain by an adder

Illustrated notes

Levels and vault maps discovered:
D:1:      denvon_arrival_waterhouse, layout_basic,
          hellmonk_ecumenical_altar_run_dry
D:2:      layout_basic, serial_park_tiny_pond, st_stairs_2

Action                     || total
---------------------------++-------
  Melee: Mace              ||    20
         Unarmed           ||     5
   Cast: Freeze            ||     8
 Armour: Robe              ||    13
         Skin              ||     1
  Dodge: Dodged            ||    31
   Form: Maw               ||     1

Table legend: (Time is in decaauts)
 A = Elapsed time spent in this place.
 B = Non-inter-level travel time spent in this place.
 C = Inter-level travel time spent in this place.
 D = Time resting spent in this place.
 E = Time spent auto-exploring this place.
 F = Levels seen in this place.
 G = Mean time per level.
                   A        B        C        D        E       F      G
               +--------+--------+--------+--------+--------+-----+--------+
         Total |    391 |    391 |      0 |      0 |      0 |   2 |  195.5 |
       Dungeon |    391 |    391 |      0 |      0 |      0 |   2 |  195.5 |
               +--------+--------+--------+--------+--------+-----+--------+

Top non-repeatable levels by time:
     D:1: 366 daAuts
     D:2: 24 daAuts
